 Dungeon Crawl Stone Soup version 0.29.1-15-g9cfb28693d (webtiles) character file.

Game seed: 18194423265799398686

47 Ihaveafatcat the Shield-Bearer (level 3, -4/33 HPs)
             Began as a Minotaur Fighter on Mar 29, 2023.
             Killed from afar by an orc wizard (6 damage)
             ... with a magic dart
             ... on level 3 of the Dungeon.
             The game lasted 00:02:06 (1579 turns).

Ihaveafatcat the Shield-Bearer (Minotaur Fighter)   Turns: 1579, Time: 00:02:06

Health: -4/33      AC:  7    Str: 22    XL:     3   Next: 48%
Magic:  2/2        EV:  9    Int:  5    God:
Gold:   132        SH:  0    Dex:  9    Spells: 2/2 levels left

rFire   . . .      SeeInvis .   a - +0 war axe
rCold   . . .      Faith    .   c - +0 buckler
rNeg    . . .      Spirit   .   b - +0 scale mail
rPois   .          Reflect  .   (helmet restricted)
rElec   .          Harm     .   (no cloak)
rCorr   .          Rampage  .   (no gloves)
Will    .....                   (no boots)
Stlth   ..........              (no amulet)
HPRegen 0.11/turn               (no ring)
MPRegen 0.08/turn               (no ring)

@: confused, invisible
A: horns 2, retaliatory headbutt
a: no special abilities


You were on level 3 of the Dungeon.
You visited 1 branch of the dungeon, and saw 3 of its levels.

You collected 132 gold pieces.

Inventory:

Hand Weapons
 a - a +0 war axe (weapon)
Armour
 b - a +0 scale mail (worn)
 c - a +0 buckler (worn)
Scrolls
 e - 3 scrolls of enchant weapon {unknown}
 f - 2 scrolls of brand weapon {unknown}
 g - a scroll of enchant armour {unknown}
 i - 2 scrolls of immolation {unknown}
 j - a scroll of identify {unknown}
 m - a scroll of silence {unknown}
Potions
 d - 2 potions of might
 k - a potion of heal wounds {unknown}
 l - a potion of cancellation {unknown}
 n - a potion of magic
 o - 2 potions of resistance {unknown}


   Skills:
 + Level 4.1 Fighting
 + Level 3.1 Axes
 + Level 4.1 Armour
 + Level 4.2 Shields


You had 2 spell levels left.
You didn't know any spells.
Your spell library contained the following spells:

 Spells                   Type           Power      Damage    Failure   Level
 Magic Dart               Conj           0%         1d3       87%         1
 Call Imp                 Summ           0%         N/A       95%         2
 Mephitic Cloud           Conj/Pois/Air  0%         N/A       99%         3


Dungeon Overview and Level Annotations

Branches:
Dungeon (3/15)

Altars:

Shops:
D:3 ?


Innate Abilities, Weirdness & Mutations

You have a pair of horns on your head.
You reflexively headbutt those who attack you in melee.


Message History

The orc wizard gestures at you while chanting.
You are more confused.
An orc comes into view. It is wielding a +0 flail.
You closely miss the orc wizard. You slash the orc!
You kill the orc!
An orc priest comes into view. It is wielding a +0 mace.
The orc priest shouts!
You bump into the rock wall.
The orc wizard hits you but does no damage.
You closely miss the orc wizard. You closely miss the orc.
The orc wizard gestures at you while chanting.
You are more confused.
The orc hits you with a +0 flail. The orc hits you but does no damage.
The orc wizard hits you with a +0 dagger.
The orc attacks as you move away! The orc barely misses you.
Found Ripek's Magic Scroll Boutique.
The orc wizard hits you with a +0 dagger.
The orc wizard hits you but does no damage.
The orc hits you with a +0 flail.
You see here a +0 flail.
The orc wizard hits you but does no damage.
The orc priest mumbles some strange prayers to Beogh against you.
Pain shoots through your body! The orc hits you but does no damage.
Things that are here:
a +0 falchion; a +0 leather armour The orc attacks as you move away!
The orc hits you with a +0 flail.
The orc wizard attacks as you move away!
The orc wizard misses you. The orc wizard casts a spell at you.
You resist with significant effort.
The orc priest calls down the wrath of Beogh upon you.
Beogh smites you!
* * * LOW HITPOINT WARNING * * *
It was a potion of magic.
Magic courses through your body.
It was a potion of invisibility.
You fade into invisibility!
Unknown command.
The orc wizard points at the orc and mumbles some strange words.
The magic dart hits you.
You die...

#.#.##
#.##.#..#
#.#..<..#
#.#.....# #
#.#.....#.#
#.#.....#.##
#.#.####...#..
#.oo........♣
#@.o)..#.#♣.∩
#...)..#
#.###.##
#.#?.$.....#
#....#######
#.... ....?.
####... ####


You could see an orc priest (unable to see you), an orc wizard (unable to see
you) and an orc (unable to see you).

Vanquished Creatures
  A worm (D:2)
  A dart slug (D:1)
  2 orcs (D:3)
  4 endoplasms
  3 giant cockroaches (D:1)
  4 goblins
  2 hobgoblins
  3 jackals (D:2)
  A quokka (D:2)
  3 ball pythons (D:1)
  4 bats
  2 frilled lizards
  3 kobolds
  2 rats
35 creatures vanquished.

Vanquished Creatures (others)
  A fungus (D:2)
  A plant (D:2)
2 creatures vanquished.

Grand Total: 37 creatures vanquished

Notes
Turn   | Place    | Note
-------+----------+-------------------------------------------
     0 | D:1      | Ihaveafatcat the Minotaur Fighter began the quest for the
                  | Orb.
     0 | D:1      | Reached XP level 1. HP: 19/19 MP: 0/0
   312 | D:1      | Reached XP level 2. HP: 27/27 MP: 1/1
   961 | D:2      | Reached XP level 3. HP: 33/33 MP: 2/2
  1184 | D:2      | Found a faded altar of an unknown god.
  1572 | D:3      | Found Ripek's Magic Scroll Boutique.
  1579 | D:3      | Killed from afar by an orc wizard

Illustrated notes

Levels and vault maps discovered:
D:1:      dpeg_arrival_orchard, layout_basic
D:2:      layout_loops_ring, shapermc_ecumenical_altar_mp_urbaneastern
D:3:      layout_basic, serial_shops, nicolae_shop_trees

Skill      XL: |  1  2 |
---------------+-------+-----
Fighting       | 4 |  4.1
Shields        | 4 |  4.2
Armour         | 4 |  4.1
Axes           | 3 |  3.1

Action                   || total
-------------------------++-------
Melee: War axe           ||    73
       Headbutt          ||     6
  Use: Potion            ||     2
Armor: Scale mail        ||    41
Dodge: Dodged            ||    38
Block: Buckler           ||    21
